 Dungeon Crawl Stone Soup version 0.20.1-1-g8b1a95d (webtiles) character file.

5977 Reeggar the Cleaver (level 10, -2/207 HPs)
             Began as a Deep Dwarf Berserker on Oct 16, 2017.
             Was a Believer of Trog.
             Slain by a small abomination (13 damage)
             ... on level 9 of the Dungeon.
             The game lasted 00:57:00 (9026 turns).

Reeggar the Cleaver (Deep Dwarf Berserker)          Turns: 9026, Time: 00:57:00

Health: -2/207     AC: 13    Str: 28 (31) XL:     10   Next: 55%
Magic:  13/13      EV:  2    Int: 11 (13) God:    Trog [**....]
Gold:   422        SH:  0    Dex: 10 (12) Spells: 9/9 levels left

rFire    + + .     SeeInvis .   N - +3 mace "Rosock" {flame, rF+ rC+ rN+ Str+2}
rCold    + + +     Gourm    .   (no shield)
rNeg     + + +     Faith    .   (armour currently unavailable)
rPois    +         Spirit   .   (helmet currently unavailable)
rElec    +         Reflect  .   (cloak currently unavailable)
rCorr    +         Harm     .   (gloves currently unavailable)
MR       +++..     NoTele   +   (boots currently unavailable)
Stlth    ..........             (no amulet)
Regen    1.0/turn               e - ring of resist corrosion
MPRegen  0.2/turn               p - ring of protection from cold

@: brilliant, berserking, tree-form (expiring), resistant, corroded,
non-regenerating, very quick
A: damage resistance, heal wounds, deterioration 1, sense surroundings 2, no
regeneration
a: Heal Wounds, Berserk, Trog's Hand, Burn Spellbooks, Renounce Religion


You were on level 9 of the Dungeon.
You worshipped Trog.
Trog was pleased with you.
You were hungry.
You were a tree.
You visited 2 branches of the dungeon, and saw 10 of its levels.

You collected 422 gold pieces.

Inventory:

Hand Weapons
 a - the +2 trident "Mikexep" {pierce, +Fly Dex+2}
   (You found it on level 4 of the Dungeon)

   It inflicts extra damage upon your enemies.
   It affects your dexterity (+2).
   It lets you fly.
 i - a +3 war axe of chopping
 H - a +2 quarterstaff of chaos
 N - the +3 mace "Rosock" (weapon) {flame, rF+ rC+ rN+ Str+2}
   (You found it on level 8 of the Dungeon)

   It has been specially enchanted to burn those struck by it, causing extra
   injury to most foes and up to half again as much damage against particularly
   susceptible opponents.
   It affects your strength (+2).
   It protects you from fire.
   It protects you from cold.
   It protects you from negative energy.
Armour
 b - a +0 pair of gloves (melded)
 m - a +2 ring mail of fire resistance (melded)
 x - a +0 plate armour
 A - a +0 pair of gloves
 I - a +0 cloak (melded)
 J - a +0 helmet
 P - the +1 helmet of Uniag (melded) {rF+}
   (You found it on level 8 of the Dungeon)

   It protects you from fire.
Jewellery
 e - a ring of resist corrosion (left branch)
 p - a ring of protection from cold (right branch)
Wands
 s - a wand of acid (7/15)
 y - a wand of confusion (14/48)
 z - a wand of digging (9/24)
 D - a wand of flame (37/48)
 M - a wand of digging (15/24)
Scrolls
 g - a scroll of identify
 o - 2 scrolls of blinking
 B - 3 scrolls of immolation
 C - 2 scrolls of fear
 G - 2 scrolls of magic mapping
 K - a scroll of teleportation
 L - a scroll of enchant weapon
 O - a scroll of remove curse
Potions
 h - a potion of lignification
 n - 2 potions of degeneration
 u - 2 potions of brilliance
 F - a potion of might {unknown}
Comestibles
 c - 2 bread rations
 f - 7 fruits
 l - 6 meat rations
 v - 7 royal jellies
 Q - a chunk of flesh


   Skills:
 + Level 6.4 Fighting
 + Level 11.8(11.9) Axes
 + Level 2.1(7.3) Maces & Flails
 + Level 7.3 Armour
 + Level 4.6 Dodging
 + Level 1.8 Stealth
 * Level 8.0 Evocations


You had 9 spell levels left.
You didn't know any spells.

Dungeon Overview and Level Annotations

Branches:
Dungeon (9/15)             Temple (1/1) D:5
   Lair: D:8-11         Orc: D:9-12

Altars:
Ashenzari
Cheibriados
Dithmenos
Elyvilon
Fedhas
Gozag
Hepliaklqana
Kikubaaqudgha
Makhleb
Nemelex Xobeh
Okawaru
Qazlal
Ru
Sif Muna
Trog
Uskayaw
Vehumet
Xom
Yredelemnul
Zin
The Shining One
Lugonu

Annotations:
D:4 1 runed door


Innate Abilities, Weirdness & Mutations

You are resistant to damage.
You can heal yourself by infusing magical energy.
You passively map the area around you.
You do not regenerate.
((You can translocate small distances at will.))
((Armour fits poorly on your strangely shaped body.))
Your body sometimes deteriorates upon taking damage.


Message History

The small abomination hits you but does no damage.
The cyan ugly thing kicks you but does no damage.
The brown ugly thing basks in the mutagenic energy from its kin and changes!
You sock the brown ugly thing! You burn the brown ugly thing.
The brown ugly thing is heavily wounded.
Something hits you but does no damage.
The brown ugly thing bites you but does no damage.
The white ugly thing pecks you but does no damage.
The small abomination hits you but does no damage.
You hit the brown ugly thing but do no damage.
The brown ugly thing is heavily wounded.
Something hits you but does no damage.
The cyan ugly thing basks in the mutagenic energy from its kin and changes!
The brown ugly thing bites you but does no damage.
You hit the brown ugly thing. You burn the brown ugly thing.
The brown ugly thing is heavily wounded.
Something hits you but does no damage.
The white ugly thing pecks you but does no damage.
The small abomination hits you!
You die...

* * #.##......#
*.# , , * ,
#.##.#..#.##.#,#
, ,,
#.##.#.....>.. *
#.......#.##.# ,
###....##...,.
** * ,* *
###...#*### ,, *
* ######©######*
** * ##..#
#.###..## , ,
,,>
#..#######u♣u.#
< , ,,
#.#..#####uux.#
* * ,, , *
###u(x###xxx.##
* * , ,,
##.u....x### *,
* * , ##.$$$.##
, , * #.)_..# *
##!)}..##
#...$...# , ,
*#...###...#* ,


You could see 4 ugly things and 5 small abominations.

Vanquished Creatures
  A two-headed ogre (D:8)
  The ghost of tensugalgo the Basher, a novice GrMo (D:4)
  A hippogriff (D:7)
  Grinder (D:6)
  4 hogs (D:7)
  A human (D:7)
  A hungry ghost (D:8)
  3 small abominations (D:9)
  A black bear (D:8)
  An orc warrior (D:6)
  2 ice beasts
  3 phantoms
  2 sky beasts
  5 ogres
  2 centaurs
  2 big kobolds
  A wyvern zombie (D:7)
  5 bullfrogs
  3 scorpions
  A water moccasin skeleton (D:7)
  3 howler monkeys
  4 crimson imps
  A bullfrog zombie (D:5)
  2 orc priests
  A quasit (D:8)
  A bullfrog skeleton (D:5)
  Crazy Yiuf (D:6)
  A gnoll shaman (D:6)
  6 hounds
  2 centaur skeletons
  Terence (D:2)
  4 iguanas
  7 orc wizards
  8 worker ants
  4 adders
  12 gnolls
  4 shadow imps
  2 oozes
  An adder skeleton (D:8)
  3 worms
  6 dart slugs
  6 leopard geckos
  18 orcs
  3 giant cockroaches
  8 goblins
  5 hobgoblins
  12 jackals
  14 kobolds
  4 quokkas
  A ball python (D:6)
  5 bats
  4 frilled lizards
  A giant cockroach zombie (D:6)
  4 rats
200 creatures vanquished.

Notes
Turn   | Place    | Note
-------+----------+-------------------------------------------
     0 | D:1      | Reeggar the Deep Dwarf Berserker began the quest for the Orb.
     0 | D:1      | Reached XP level 1. HP: 20/20 MP: 1/1
   267 | D:1      | Reached XP level 2. HP: 27/27 MP: 2/2
   960 | D:2      | Found a hide-covered altar of Uskayaw.
   975 | D:2      | Reached XP level 3. HP: 32/34 MP: 3/3
  1143 | D:2      | Reached skill level 4 in Axes
  1178 | D:2      | Reached ** piety under Trog
  1470 | D:2      | You fall through a shaft for 2 floors!
  1473 | D:4      | Found a glowing golden altar of the Shining One.
  1473 | D:4      | Found a runed door.
  1473 | D:4      | Noticed an angel
  1498 | D:4      | Reached XP level 4. HP: 14/42 MP: 4/4
  1613 | D:4      | Noticed tensugalgo's ghost (novice GrMo)
  1632 | D:4      | Killed tensugalgo's ghost
  1632 | D:4      | Reached skill level 5 in Axes
  1632 | D:4      | Reached XP level 5. HP: 50/50 MP: 5/5
  1632 | D:4      | Reached XP level 6. HP: 57/57 MP: 6/6
  1691 | D:4      | Reached skill level 6 in Axes
  1761 | D:4      | Found an iron altar of Okawaru.
  1925 | D:3      | Noticed an ice beast
  1938 | D:3      | Killed an ice beast
  2569 | D:3      | Reached XP level 7. HP: 42/64 MP: 7/7
  2940 | D:2      | Noticed Terence
  2952 | D:2      | Killed Terence
  3338 | D:4      | Found a basalt altar of Yredelemnul.
  3601 | D:4      | Reached skill level 7 in Axes
  3607 | D:4      | Got a shimmering trident
  3681 | D:5      | Entered Level 5 of the Dungeon
  3694 | D:5      | Reached skill level 1 in Evocations
  3763 | D:5      | Identified the +2 trident "Mikexep" {pierce, +Fly Dex+2} (You found it on level 4 of the Dungeon)
  3781 | D:5      | Found a staircase to the Ecumenical Temple.
  3790 | D:5      | Reached *** piety under Trog
  3791 | D:5      | Found a snail-covered altar of Cheibriados.
  4059 | D:5      | Reached skill level 5 in Armour
  4343 | D:5      | Reached XP level 8. HP: 59/73 MP: 9/9
  4353 | D:5      | Reached skill level 8 in Axes
  4611 | Temple   | Entered the Ecumenical Temple
  5121 | D:6      | HP: 1/73 [orc warrior/trident (9)]
  5212 | D:6      | Reached skill level 9 in Axes
  5600 | D:6      | Reached skill level 5 in Fighting
  5632 | D:6      | Gained mutation: Your body sometimes deteriorates upon taking damage. [mutagenic meat]
  5633 | D:6      | Gained mutation: Armour fits poorly on your strangely shaped body. [mutagenic meat]
  5634 | D:6      | Gained mutation: You can translocate small distances at will. [mutagenic meat]
  5656 | D:6      | Noticed Grinder
  5670 | D:6      | Paralysed by Grinder for 6 turns
  5698 | D:6      | Killed Grinder
  5698 | D:6      | Gained mutation: You passively map the area around you. [Deep Dwarf growth]
  5698 | D:6      | Reached XP level 9. HP: 26/81 MP: 12/12
  5830 | D:6      | Found a runed door.
  5834 | D:6      | Noticed Crazy Yiuf
  5838 | D:6      | Killed Crazy Yiuf
  6026 | D:6      | Reached skill level 5 in Evocations
  6482 | D:7      | Reached skill level 10 in Axes
  6502 | D:7      | Reached skill level 1 in Stealth
  6980 | D:7      | Reached skill level 11 in Axes
  7311 | D:8      | Noticed a two-headed ogre
  7421 | D:8      | Reached XP level 10. HP: 91/91 MP: 15/15
  7606 | D:8      | Found a shimmering altar of Xom.
  7607 | D:8      | Found a bloodstained altar of Trog.
  7607 | D:8      | Found a deep blue altar of Sif Muna.
  7608 | D:8      | Found a shattered altar of Ashenzari.
  7615 | D:8      | Found a blossoming altar of Fedhas.
  7700 | D:8      | Found an ancient bone altar of Kikubaaqudgha.
  7718 | D:8      | Got a twisted mace
  7722 | D:8      | Identified the cursed +3 mace "Rosock" {flame, rF+ rC+ rN+ Str+2} (You found it on level 8 of the Dungeon)
  8098 | D:8      | Killed a two-headed ogre
  8098 | D:8      | Reached skill level 1 in Maces & Flails
  8311 | D:8      | Got a slimy helmet
  8319 | D:8      | Identified the +1 helmet of Uniag {rF+} (You found it on level 8 of the Dungeon)
  8893 | D:9      | Found a transporter.
  8908 | D:9      | Found a corrupted altar of Lugonu.
  8914 | D:9      | Noticed a cyan ugly thing
  8937 | D:9      | Noticed a white ugly thing
  8937 | D:9      | Noticed a green ugly thing
  8940 | D:9      | Noticed a red ugly thing
  9016 | D:9      | HP: 6/138 [small abomination (9)]
  9022 | D:9      | HP: 9/207 [acid (3)]
  9026 | D:9      | Slain by a small abomination

Skill      XL: |  1  2  3  4  5  6  7  8  9 10 |
---------------+-------------------------------+-----
Fighting       | 3 4 5 6 |  6.4
Axes           | 4 5 6 7 9 11 | 11.8
Armour         | 3 4 5 6 7 |  7.3
Dodging        | 3 4 |  4.6
Evocations     | 2 4 7 8 |  8.0
Stealth        | 1 |  1.8
Maces & Flails | 2 |  2.1

Action                   |  1- 3 |  4- 6 |  7- 9 | 10-12 || total
-------------------------+-------+-------+-------+-------++-------
Melee: Hand axe          |   139 |   144 |    59 |       ||   342
       War axe           |       |       |   276 |    55 ||   331
       Mace              |       |       |       |   108 ||   108
Invok: Trog's Hand       |       |     5 |    16 |    14 ||    35
       Berserk           |       |     2 |     8 |     3 ||    13
       Burn Spellbooks   |       |       |       |     1 ||     1
 Abil: Blink             |       |       |     4 |     7 ||    11
       Heal Wounds       |       |       |       |    16 ||    16
  Use: Scroll            |       |     3 |    13 |     4 ||    20
       Potion            |       |       |     1 |    19 ||    20
  Eat: Chunk             |     2 |     6 |    14 |     9 ||    31
       Bread ration      |       |       |     5 |     1 ||     6
Armor: Chain mail        |   121 |    66 |    38 |       ||   225
       Animal skin       |     1 |       |       |       ||     1
       Ring mail         |       |       |    72 |    70 ||   142
       Plate armour      |       |       |     2 |       ||     2
       Skin              |       |       |       |   230 ||   230
Dodge: Dodged            |    86 |    56 |   194 |   148 ||   484
